 Dungeon Crawl Stone Soup version 0.23-a0-582-g1b4a0ca2fb (webtiles) character file.

219 Maize the Chopper (level 5, -5/48 HPs)
             Began as a Minotaur Fighter on Dec 16, 2018.
             Slain by a slave (6 damage)
             ... led by Pikel
             ... on level 4 of the Dungeon.
             The game lasted 00:02:23 (1628 turns).

Maize the Chopper (Minotaur Fighter)                Turns: 1628, Time: 00:02:24

Health: -5/48      AC:  7    Str: 21    XL:     5   Next: 63%
Magic:  4/4        EV:  9    Int:  5    God:
Gold:   113        SH:  0    Dex: 10    Spells: 4/4 levels left

rFire    . . .     SeeInvis .   a - +0 war axe
rCold    . . .     Gourm    .   (no shield)
rNeg     . . .     Faith    .   b - +0 scale mail
rPois    +         Spirit   .   (helmet restricted)
rElec    .         Reflect  .   (no cloak)
rCorr    .         Harm     .   (no gloves)
MR       .....                  (no boots)
Stlth    ..........             (no amulet)
HPRegen  0.16/turn              i - ring of poison resistance
MPRegen  0.09/turn              (no ring)

@: no status effects
A: retaliatory headbutt, horns 2
a: no special abilities


You were on level 4 of the Dungeon.
You were not hungry.

You visited 1 branch of the dungeon, and saw 4 of its levels.

You collected 113 gold pieces.

Inventory:

Hand Weapons
 a - a +0 war axe (weapon)
Armour
 b - a +0 scale mail (worn)
Jewellery
 i - a ring of poison resistance (left hand)
Scrolls
 c - a scroll of enchant weapon {unknown}
 e - 3 scrolls of remove curse {unknown}
 n - a scroll of noise {unknown}
 o - 3 scrolls of identify {unknown}
Potions
 d - a potion of might
 g - a potion of heal wounds {unknown}
 h - a potion of mutation {unknown}
 j - 2 potions of agility {unknown}
 k - a potion of haste {unknown}
 l - a potion of curing {unknown}
 p - 2 potions of brilliance {unknown}
Comestibles
 f - 7 rations
 m - a chunk of flesh


   Skills:
 + Level 5.0 Fighting
 * Level 5.3 Axes
 + Level 4.9 Armour
   Level 3.6 Shields


You had 4 spell levels left.
You didn't know any spells.
Your spell library was empty.

Dungeon Overview and Level Annotations

Branches:
Dungeon (4/15)
 Temple: D:4-7

Altars:

Annotations:
D:4 Pikel


Innate Abilities, Weirdness & Mutations

You reflexively headbutt those who attack you in melee.
You have a pair of horns on your head.


Message History

Pikel is lightly wounded.
You barely miss the slave.
You closely miss the slave. x3; The slave hits you.
Pikel hits you with a +1 whip of freezing!
* * * LOW HITPOINT WARNING * * *
Pikel freezes you.
* * * LOW HITPOINT WARNING * * *
The slave hits you!
* * * LOW HITPOINT WARNING * * *
The slave hits you.
* * * LOW HITPOINT WARNING * * *
Some of the chunks of flesh in your inventory have rotted away.
The slave barely misses you. The slave hits you.
* * * LOW HITPOINT WARNING * * *
The slave closely misses you. You furiously retaliate!
You headbutt the slave.
Pikel hits you with a +1 whip of freezing.
* * * LOW HITPOINT WARNING * * *
Pikel freezes you.
* * * LOW HITPOINT WARNING * * *
The slave hits you.
You die...

.# #...
..##...
#.....S
#...... #.....
. #....##
##...
#[..K.#.....#
#...p@pW...#
#....p.p....#
............##
....####...##
#.. ##.# .# ..
.# ..


You could see Pikel, a phantom, 4 slaves and an adder.

Vanquished Creatures
  An orc priest (D:3)
  An orc wizard (D:3)
  8 adders
  2 oozes (D:3)
  2 dart slugs
  2 leopard geckos
  5 orcs (D:3)
  5 giant cockroaches
  5 goblins
  13 hobgoblins
  3 jackals (D:2)
  A quokka (D:2)
  A ball python (D:1)
  9 bats
  3 frilled lizards
  6 kobolds
  5 rats
72 creatures vanquished.

Notes
Turn   | Place    | Note
-------+----------+-------------------------------------------
     0 | D:1      | Maize the Minotaur Fighter began the quest for the Orb.
     0 | D:1      | Reached XP level 1. HP: 19/19 MP: 0/0
   110 | D:1      | Reached XP level 2. HP: 27/27 MP: 1/1
   382 | D:2      | Reached XP level 3. HP: 31/33 MP: 2/2
   643 | D:2      | Reached XP level 4. HP: 37/40 MP: 3/3
  1186 | D:3      | Reached XP level 5. HP: 31/47 MP: 4/4
  1227 | D:3      | Reached skill level 5 in Axes
  1502 | D:3      | Reached skill level 5 in Fighting
  1624 | D:4      | Noticed Pikel
  1624 | D:4      | Noticed a slave
  1624 | D:4      | Noticed a slave
  1624 | D:4      | Noticed a slave
  1624 | D:4      | Noticed a slave
  1624 | D:4      | Noticed a phantom
  1628 | D:4      | HP: 2/48 [Pikel/+1 whip of freezing (6)]
  1628 | D:4      | Slain by a slave

Vault maps used:
D:1:      lemuel_arrival_funnel
D:3:      minmay_pentangle
D:4:      serial_forest, infiniplex_forest_straight_2,
          infiniplex_forest_clump_medium, infiniplex_forest_clump_double,
          infiniplex_forest_clump_small, grunt_ministairs_4, uniq_pikel

Skill      XL: |  1  2  3  4  5 |
---------------+----------------+-----
Axes           | 3 4 5 |  5.3
Armour         | 4 |  4.9
Fighting       | 4 5 |  5.0
Shields        | |  3.6

Action                   |  1- 3 |  4- 6 || total
-------------------------+-------+-------++-------
Melee: War axe           |    75 |    82 ||   157
       Headbutt          |    10 |    12 ||    22
  Eat: Chunk             |       |     3 ||     3
Armor: Scale mail        |    39 |    53 ||    92
Dodge: Dodged            |    41 |    48 ||    89

Table legend:
 A = Non-vault XP
 B = Vault XP
 C = Vault XP percentage of total XP
 D = Non-vault monster count
 E = Vault monster count
 F = Vault count percentage of total count
                 A         B        C        D         E       F
            +---------+---------+-------+---------+---------+-------
      Total |     261 |      52 |  16.6 |      63 |       9 |  12.5
            +---------+---------+-------+---------+---------+-------
        D:1 |      36 |       0 |   0.0 |      21 |       0 |   0.0
        D:2 |      73 |       0 |   0.0 |      21 |       0 |   0.0
        D:3 |     152 |      52 |  25.5 |      21 |       9 |  30.0
            +---------+---------+-------+---------+---------+-------
